Map: Altitude LE

Players

RandomSkaven

  • Race: Terran Terran
  • League: Diamond
  • Spawn Location: 7:00

JohnBrown - Winner!

  • Race: Zerg Zerg
  • League: Diamond
  • Spawn Location: 1:00

VOD

Have the link to the VOD?

Description

Time

  • Played on: May 15, 2023, 11:01 a.m.
  • Length: 4:44
Show
View Real Time Build Order
Export as new Build Order

RandomSkaven Terran 

Build Orders: Command Center First 

Get SALT Encoding   

  12  0:00  SCV  
  13  0:12  SCV  
  14  0:17  Supply Depot  
  14  0:24  SCV  
  15  0:39  SCV  
  16  0:51  SCV  
  17  1:01  Command Center  
  17  1:07  Refinery  
  17  1:10  SCV  
  18  1:16  Refinery  
  18  1:22  SCV  
  19  1:34  SCV  
  20  1:43  Barracks  
  20  1:46  SCV  
  21  1:58  SCV  
  22  2:10  SCV  
  23  2:29  Orbital Command  
  23  2:30  Orbital Command  
  23  2:34  Factory  
  23  2:50  Supply Depot  
  23  2:55  SCV  
  23  2:56  SCV  
  25  3:09  SCV x2  
  27  3:23  Factory Tech Lab  
  27  3:24  SCV x2  
  27  3:27  Command Center  
  29  3:31  Refinery  
  29  3:32  Refinery  
  29  3:36  SCV x2  
  29  3:39  Engineering Bay  
  31  3:46  Siege Tank  
  34  3:48  SCV  
  34  3:49  SCV  
  36  4:00  SCV  
  36  4:01  SCV  
  38  4:03  Starport  
  38  4:13  SCV x2  
Show
View Real Time Build Order
Export as new Build Order

JohnBrown Zerg - Winner!

Build Orders: Hatch First 

Get SALT Encoding   

  12  0:02  Drone  
  13  0:13  Overlord  
  13  0:21  Drone  
  14  0:31  Drone  
  14  0:32  Drone  
  17  0:35  Drone  
  17  0:38  Extractor  
  16  0:54  Drone  
  17  1:00  Hatchery  
  16  1:09  Drone  
  17  1:20  Spawning Pool  
  17  1:23  Drone  
  17  1:31  Drone  
  18  1:33  Drone  
  19  1:40  Overlord  
  19  1:56  Drone  
  20  2:03  Drone  
  20  2:07  Lair  
  21  2:12  Queen  
  21  2:14  Zergling x2  
  24  2:16  Zergling x2  
  25  2:23  Metabolic Boost  
  25  2:37  Zergling x4  
  26  2:39  Zergling x4  
  29  2:50  Queen  
  31  2:54  Overlord  
  31  2:56  Overlord  
  31  3:09  Queen  
  33  3:18  Nydus Network  
  32  3:20  Zergling x4  
  34  3:36  Zergling x10  
  39  4:01  Zergling x2  
  39  4:02  Zergling x16  
  48  4:10  Nydus Canal  
  48  4:15  Zergling x4  
  50  4:26  Nydus Canal  
Tags
 
Add a new tag
Caveats
  • Supply blocks, unpowered buildings, or Contaminate may cause inaccurate times.
  • Supply counts are checked every 10 seconds.